 Dungeon Crawl Stone Soup version 0.29.1-1-gd02db6906a (webtiles) character file.

Game seed: 12384035747624253317

93 Senryu the Sneak (level 4, -1/32 (40) HPs)
             Began as a Naga Brigand on Oct 3, 2022.
             Was an Initiate of the Shining One.
             Slain by a necrophage (6 damage)
             ... on level 4 of the Dungeon.
             The game lasted 00:07:15 (1384 turns).

Senryu the Sneak (Naga Brigand)                     Turns: 1384, Time: 00:07:16

HP:   -1/32 (40)    AC:  8    Str: 13    XL:     4   Next: 62%
MP:   4/4           EV:  8    Int: 12    God:    the Shining One [......]
Gold: 80            SH:  0    Dex: 14    Spells: 3/3 levels left

rFire   . . .      SeeInvis +   a - +2 dagger
rCold   . . .      Faith    +   (no shield)
rNeg    . . .      Spirit   .   b - +0 robe
rPois   +          Reflect  .   (no helmet)
rElec   .          Harm     .   c - +0 cloak
rCorr   .          Rampage  .   (no gloves)
Will    .....                   h - +1 barding
Stlth   ++........              j - amulet of faith
HPRegen 0.10/turn               (no ring)
MPRegen 0.09/turn               (no ring)

@: glowing, heavily drained, very slow
A: AC +1, large, see invisible, deformed body, poison resistance, slowness 2,
spit poison 1, naga tail 1
a: Spit Poison, Renounce Religion


You were on level 4 of the Dungeon.
You worshipped the Shining One.
The Shining One was noncommittal.
You visited 2 branches of the dungeon, and saw 5 of its levels.

You collected 80 gold pieces.

Inventory:

Hand Weapons
 a - a +2 dagger (weapon)
Missiles
 d - 8 poisoned darts (quivered)
 e - 3 curare-tipped darts
Armour
 b - a +0 robe (worn)
 c - a +0 cloak (worn)
 h - a +1 barding (worn)
Jewellery
 j - an amulet of faith (around neck)
Scrolls
 g - a scroll of immolation


   Skills:
 * Level 2.3 Fighting
 * Level 2.6 Short Blades
 * Level 2.1 Throwing
 * Level 0.7 Armour
 * Level 1.3 Dodging
 * Level 7.2 Stealth


You had 3 spell levels left.
You didn't know any spells.
Your spell library was empty.

Dungeon Overview and Level Annotations

Branches:
Dungeon (4/15)             Temple (1/1) D:4

Altars:
Dithmenos
Elyvilon
Fedhas
Gozag
Hepliaklqana
Kikubaaqudgha
Nemelex Xobeh
Okawaru
Ru
Sif Muna
Trog
Vehumet
The Shining One


Innate Abilities, Weirdness & Mutations

Your serpentine skin is tough. (AC +1)
You have supernaturally acute eyesight. (SInv)
Armour fits poorly on your strangely shaped body.
Your system is resistant to poisons. (rPois)
You cover ground very slowly.
You can spit poison.
You have a snake-like lower body.


Message History

The necrophage hits you but does no damage.
As you read the scroll labelled MIOFFE HUPISEE, it crumbles to dust.
You assume a fearsome visage.
The necrophage is unaffected.
It was a scroll of fear.
The necrophage hits you but does no damage.
You hit the necrophage.
The necrophage is moderately damaged.
The necrophage hits you.
You closely miss the necrophage.
The necrophage is moderately damaged.
The necrophage hits you.
You feel drained.
You hit the necrophage.
The necrophage is heavily damaged.
The necrophage hits you but does no damage.
You hit the necrophage.
The necrophage is heavily damaged.
You hit the necrophage.
The necrophage is severely damaged.
The necrophage hits you but does no damage.
You hit the necrophage but do no damage.
The necrophage is severely damaged.
The necrophage hits you but does no damage.
You barely miss the necrophage.
The necrophage is severely damaged.
The necrophage barely misses you.
You hit the necrophage.
The necrophage is almost destroyed.
The necrophage hits you.
You completely miss the necrophage.
The necrophage is almost destroyed.
The necrophage hits you.
* * * LOW HITPOINT WARNING * * *
You hit the necrophage.
The necrophage is almost destroyed.
The necrophage barely misses you.
You hit the necrophage.
The necrophage is almost destroyed.
Your butterfly disappears in a burst of colours!
The necrophage hits you.
You die...

.....................#.....
..................b..#....#
........#####.bbb.bb.#....#
######.## ##.bbbbb.# ...#
### ##bb....# ### #..b...#
#......# ##n##### #@# #...#
#.### ... ###


You could see a necrophage (ally target).

Vanquished Creatures
  4 adders
  A gnoll (D:3)
  A worm (D:2)
  A bat (D:1)
  3 endoplasms
  2 giant cockroaches (D:1)
  8 goblins
  7 hobgoblins
  2 kobolds
  3 quokkas
  4 ball pythons (D:2)
  4 frilled lizards
  A rat (D:1)
41 creatures vanquished.

Notes
Turn   | Place    | Note
-------+----------+-------------------------------------------
     0 | D:1      | Senryu the Naga Brigand began the quest for the Orb.
     0 | D:1      | Reached XP level 1. HP: 19/19 MP: 1/1
    56 | D:1      | Reached skill level 6 in Stealth
    89 | D:1      | Reached XP level 2. HP: 23/26 MP: 2/2
   144 | D:1      | Reached skill level 1 in Dodging
   260 | D:2      | Reached XP level 3. HP: 32/32 MP: 3/3
   358 | D:2      | Reached skill level 7 in Stealth
   608 | D:2      | Reached XP level 4. HP: 32/39 MP: 4/4
   745 | D:2      | Found a faded altar of an unknown god.
   811 | D:2      | You fall into a shaft and drop 2 floors!
   982 | D:4      | Found a staircase to the Ecumenical Temple.
   991 | D:4      | Found a blossoming altar of Fedhas.
  1042 | Temple   | Entered the Ecumenical Temple
  1086 | Temple   | Became a worshipper of the Shining One
  1344 | D:4      | Noticed a necrophage
  1384 | D:4      | Slain by a necrophage

Illustrated notes

Levels and vault maps discovered:
D:1:      minmay_arrival_loop, layout_basic, minmay_pentomino_t2
D:2:      layout_basic, ebering_ecumenical_altar_mist
D:3:      layout_loops_ring, grunt_temple_overflow_champion_of_chaos,
          mainiacjoe_overflow_six_doors_small
D:4:      minmay_bubble_buster, layout_basic, mainiacjoe_overflow_brackets,
          lemuel_round_altar, temple_statues, grunt_ministairs_7,
          uniq_blork_the_orc
Temple:   compressed_dpeg_triangle_lava_temple

Skill      XL: |  1  2  3 |
---------------+----------+-----
Stealth        | 6 7 |  7.2
Dodging        | 1 |  1.3
Throwing       | 2 |  2.1
Fighting       | |  2.3
Short Blades   | |  2.6
Armour         | |  0.7

Action                   |  1- 3 |  4- 6 || total
-------------------------+-------+-------++-------
Melee: Dagger            |    41 |    57 ||    98
       Punch             |     1 |       ||     1
Throw: Dart              |    15 |     1 ||    16
       Throwing net      |       |     1 ||     1
 Abil: Spit Poison       |    19 |    14 ||    33
  Use: Scroll            |       |     6 ||     6
       Potion            |       |     1 ||     1
 Stab: Sleeping          |     3 |     2 ||     5
Armor: Robe              |    20 |    22 ||    42
Dodge: Dodged            |    22 |    20 ||    42
